 Dungeon Crawl Stone Soup version 0.27-a0-170-g607d9e9d85 (webtiles) character file.

Game seed: 4171441962672218996

236 vurker the Insei (level 6, -3/32 HPs)
             Began as a Vine Stalker Enchanter on Jan 28, 2021.
             Was a Believer of Ru.
             Slain by an orc
             ... wielding a +0 dagger
              (4 damage)
             ... on level 3 of the Dungeon.
             The game lasted 00:06:53 (4336 turns).

vurker the Insei (Vine Stalker Enchanter)           Turns: 4336, Time: 00:06:54

Health: -3/32      AC:  6    Str: 12 (13) XL:     6   Next: 6%
Magic:  0/10       EV: 10    Int: 19 (21) God:    Ru [**....]
Gold:   203        SH:  5    Dex: 11 (14) Spells: 8/9 levels left

rFire    + . .     SeeInvis +     - Unarmed
rCold    + . .     Faith    .   (no shield)
rNeg     . . .     Spirit   +   g - +0 ring mail
rPois    .         Reflect  +   (no helmet)
rElec    .         Harm     .   p - scarf {rC+ rF+}
rCorr    .         Rampage  .   l - +0 pair of gloves
Will     .....                  (no boots)
Stlth    ++........             j - amulet of reflection
HPRegen  0.50/turn              a - +6 ring of intelligence
MPRegen  0.12/turn              o - ring of see invisible

@: no status effects
A: fangs 2, regeneration 1, magic shield, antimagic bite, no potion heal 3,
inexperienced 1
a: Renounce Religion


You were on level 3 of the Dungeon.
You worshipped Ru.
Ru was pleased with you.
You visited 1 branch of the dungeon, and saw 4 of its levels.

You collected 203 gold pieces.

Inventory:

Armour
 g - a +0 ring mail (worn)
   (You found it on level 1 of the Dungeon)
 l - a +0 pair of gloves (worn)
   (You found it on level 2 of the Dungeon)
 p - a scarf of resistance (worn)
   (You found it on level 3 of the Dungeon)
Jewellery
 a - a +6 ring of intelligence (left hand)
   (You found it on level 1 of the Dungeon)
 j - an amulet of reflection (around neck)
   (You found it on level 2 of the Dungeon)
 o - a ring of see invisible (right hand)
   (You found it on level 3 of the Dungeon)
Scrolls
 b - 2 scrolls of enchant armour {unknown}
 d - 3 scrolls of teleportation {unknown}
 e - 9 scrolls of identify {unknown}
 h - 2 scrolls of remove curse {unknown}
 k - a scroll of magic mapping {unknown}
 q - a scroll of enchant weapon {unknown}
 r - a scroll of immolation {unknown}
Potions
 c - a potion of magic {unknown}
 f - a potion of cancellation {unknown}
 i - a potion of haste {unknown}
 m - a potion of degeneration
 n - a potion of curing {unknown}


   Skills:
 + Level 3.1 Fighting
 - Level 0.8 Short Blades
 - Level 1.5 Dodging
 - Level 3.6 Stealth
 * Level 5.2 Unarmed Combat
 - Level 2.1 Spellcasting
 - Level 3.0 Hexes


You had 8 spell levels left.
You knew the following spells:

 Your Spells              Type           Power        Failure   Level
a - Corona                Hex            14%          11%         1

Your spell library contained the following spells:

 Spells                   Type           Power        Failure   Level
 Ensorcelled Hibernation  Hex/Ice        14%          30%         2
 Confusing Touch          Hex            13%          32%         3
 Tukima's Dance           Hex            13%          32%         3
 Dazzling Flash           Conj/Hex       14%          52%         3


Dungeon Overview and Level Annotations

Branches:
Dungeon (4/15)
 Temple: D:4-7

Altars:
Ru


Innate Abilities, Weirdness & Mutations

You have extremely sharp teeth.
Your natural rate of healing is unusually fast.
When hurt, damage is shared between your health and your magic reserves.
Your bite disrupts and absorbs the magic of your enemies.
Potions cannot restore your health.
You are somewhat inexperienced. (-2 XL)


Message History

The orc wizard hits you with a +0 dagger.
* * * LOW HITPOINT WARNING * * *
The orc closely misses you.
The orc wizard is stunned by your conviction and fails to attack.
You have reached level 6!
Your experience leads to an increase in your attributes!
Your base attributes are Str 12, Int 15, Dex 14.
Increase (S)trength, (I)ntelligence, or (D)exterity?
You feel stronger.
The orc wizard hits you with a +0 dagger.
* * * LOW HITPOINT WARNING * * *
The orc closely misses you.
The orc wizard hits you but does no damage.
The orc wizard gestures wildly while chanting.
The orc wizard blinks!
The orc hits you but does no damage. The orc hits you with a +0 whip.
* * * LOW HITPOINT WARNING * * *
The orc wizard hits you with a +0 dagger.
* * * LOW HITPOINT WARNING * * *
Okay, then.
The orc wizard gestures at you while chanting.
You easily resist.
The orc barely misses you.
The orc wizard hits you but does no damage.
You block the orc wizard's attack.
The orc wizard points at you and mumbles some strange words.
The magic dart hits you!
* * * LOW HITPOINT WARNING * * *
You focus your inner power and blind the orc wizard in retribution!
The orc barely misses you.
The orc wizard hits you but does no damage.
There is a stone staircase leading up here.
The orc wizard is stunned by your conviction and fails to attack.
The orc is stunned by your conviction and fails to attack.
You block the orc wizard's attack. The orc hits you but does no damage.
You redirect the orc's attack!
The orc barely misses itself.
You climb upwards.
There is a stone staircase leading down here.
You punch the orc wizard!
You feel yourself speed up. The orc wizard barely misses you.
The orc hits you but does no damage. You block the orc wizard's attack.
You block the orc's attack.
You hit the orc wizard but do no damage.
Your bite misses the orc wizard.
The orc wizard gestures at you while chanting.
The magic dart hits you.
* * * LOW HITPOINT WARNING * * *
The orc barely misses you. The orc hits you with a +0 dagger.
You die...

.............#..#+####...........
...........####.........#........
.....##.......................##.
......#....####.........#..##.##.
............###.##............##.
...................#.......#####.
###..#...........###...........##
.....#...).......o.....#.....#.#
.###.#..........@......#.....#.#
.#......†......oo##.#........#.#
....##............#.##.#.....####
#...##....#....#.##.#............
#...##....#....#.##.#.##.....###.
...[#.....####.#.##.#........# #.
#...#........#.#.......#########.
#...#........#.##......#......##.
#...#........#.##......#.........


You could see an orc wizard (fast, blind) and 2 orcs.

Vanquished Creatures
  A big kobold (D:2)
  An orc wizard (D:3)
  An orc priest (D:4)
  4 adders
  4 gnolls
  2 oozes (D:1)
  6 dart slugs
  2 leopard geckos
  4 orcs (D:3)
  A giant cockroach (D:2)
  37 goblins
  33 hobgoblins
  4 jackals (D:1)
  A quokka (D:2)
  11 bats
  5 frilled lizards
  14 kobolds
  9 rats
140 creatures vanquished.

Vanquished Creatures (others)
  A goblin (D:3)
1 creature vanquished.

Grand Total: 141 creatures vanquished

Notes
Turn   | Place    | Note
-------+----------+-------------------------------------------
     0 | D:1      | vurker the Vine Stalker Enchanter began the quest for the
                  | Orb.
     0 | D:1      | Reached XP level 1. HP: 9/9 MP: 4/4
    40 | D:1      | Reached skill level 1 in Unarmed Combat
   399 | D:1      | Reached XP level 2. HP: 7/14 MP: 1/6
   981 | D:1      | Reached skill level 1 in Fighting
  1217 | D:1      | Reached skill level 2 in Unarmed Combat
  1217 | D:1      | Reached XP level 3. HP: 15/18 MP: 7/7
  2199 | D:2      | Gained mutation: Your natural rate of healing is unusually
                  | fast. [Vine Stalker growth]
  2199 | D:2      | Reached XP level 4. HP: 18/22 MP: 8/8
  2289 | D:2      | Reached skill level 3 in Unarmed Combat
  2573 | D:2      | Found a sacrificial altar of Ru.
  2660 | D:2      | Became a worshipper of Ru the Awakened
  2911 | D:3      | Reached XP level 5. HP: 20/26 MP: 6/9
  3216 | D:3      | Reached skill level 4 in Unarmed Combat
  3443 | D:3      | Gained mutation: You are somewhat inexperienced. (-2 XL)
                  | [Ru sacrifice]
  3443 | D:3      | Reached XP level 4. HP: 23/23 MP: 8/8
  3443 | D:3      | Reached XP level 3. HP: 19/19 MP: 7/7
  3443 | D:3      | Reached * piety under Ru
  3443 | D:3      | Reached ** piety under Ru
  3507 | D:3      | Reached XP level 4. HP: 23/23 MP: 6/8
  3544 | D:3      | Noticed a big kobold
  3614 | D:2      | Killed a big kobold
  3615 | D:2      | Reached XP level 5. HP: 23/28 MP: 6/9
  3932 | D:3      | Reached skill level 5 in Unarmed Combat
  4327 | D:4      | Reached XP level 6. HP: 9/32 MP: 2/10
  4336 | D:3      | HP: 1/32 [orc wizard/magic dart (4)]
  4336 | D:3      | Slain by an orc

Illustrated notes

Levels and vault maps discovered:
D:1:      enne_arrival_octagon_isle, layout_loops_ring,
          minmay_misc_feat_secret_circle
D:2:      layout_rooms, nicolae_ru_path_of_blood
D:3:      minmay_goblin_kobold_castle, layout_basic
D:4:      layout_basic

Skill      XL: |  1  2  3  4  5 |
---------------+----------------+-----
Unarmed Combat | 1 2 3 5 |  5.2
Fighting       | 1 2 3 |  3.1
Short Blades   | |  0.8
Dodging        | |  1.5
Stealth        | |  3.6
Spellcasting   | |  2.1
Hexes          | |  3.0

Action                   |  1- 3 |  4- 6 || total
-------------------------+-------+-------++-------
Melee: Unarmed           |   206 |   327 ||   533
       Bite              |    43 |    67 ||   110
       Punch             |     1 |     7 ||     8
Invok: Sacrifice Experie |     1 |       ||     1
  Use: Potion            |       |     1 ||     1
 Stab: Sleeping          |     6 |     4 ||    10
       Distracted        |       |     2 ||     2
Armor: Robe              |    14 |       ||    14
       Ring mail         |    50 |   113 ||   163
Dodge: Dodged            |   124 |   161 ||   285
Block: Other             |     5 |    69 ||    74
       Reflection        |       |     1 ||     1

Table legend: (Time is in decaauts)
 A = Elapsed time spent in this place.
 B = Non-inter-level travel time spent in this place.
 C = Inter-level travel time spent in this place.
 D = Time resting spent in this place.
 E = Time spent auto-exploring this place.
 F = Levels seen in this place.
 G = Mean time per level.
                   A        B        C        D        E       F      G
               +--------+--------+--------+--------+--------+-----+--------+
         Total |   4323 |   4206 |    117 |     22 |   3123 |   4 | 1080.8 |
       Dungeon |   4323 |   4206 |    117 |     22 |   3123 |   4 | 1080.8 |
               +--------+--------+--------+--------+--------+-----+--------+

Top non-repeatable levels by time:
     D:1: 2047 daAuts
     D:3: 1488 daAuts
     D:2: 753 daAuts
     D:4: 34 daAuts
